 Dungeon Crawl Stone Soup version 0.18-a0-1805-g8ab820f (webtiles) character file.

69 vatarom the Cudgeler (level 4, 0/35 HPs)
             Began as a Demonspawn Fighter on Apr 25, 2016.
             Slain by an adder (1 damage)
             ... on level 4 of the Dungeon.
             The game lasted 00:05:20 (1168 turns).

vatarom the Cudgeler (Demonspawn Fighter)           Turns: 1168, Time: 00:05:20

Health: 0/35       AC:  7    Str: 17    XL:     4   Next: 2%
Magic:  4/4        EV:  9    Int:  9    God:
Gold:   97         SH:  8    Dex: 13    Spells: 0 memorised, 3 levels left

rFire  + . .     SeeInvis .     a - +0 flail
rCold  . . .     Gourm    .     h - +2 ring mail {rF+}
rNeg   . . .     Faith    .     c - +0 shield
rPois  .         Spirit   .     (no helmet)
rElec  .         Dismiss  .     (no cloak)
rCorr  .         Reflect  .     (no gloves)
SustAt .         Harm     .     (no boots)
MR     .....                    (no amulet)
Stlth  +.........               (no ring)
                                (no ring)

@: lethally poisoned (0 -> -2), very slightly contaminated, not resistant to
hostile enchantments, very unstealthy
A: repulsion field 1
a: no special abilities


You were on level 4 of the Dungeon.
You were hungry.

You visited 1 branch of the dungeon, and saw 4 of its levels.

You collected 97 gold pieces.

Inventory:

Hand Weapons
 a - a +0 flail (weapon)
Armour
 c - a +0 shield (worn)
 h - a +2 ring mail of fire resistance (worn)
Scrolls
 e - a scroll of identify
 i - a scroll of remove curse
Potions
 d - a potion of might
Comestibles
 f - 4 bread rations
 g - 2 meat rations


   Skills:
 - Level 3.0 Fighting
 + Level 3.9 Maces & Flails
 - Level 2.6 Armour
 - Level 2.6 Shields


You had 3 spell levels left.
You didn't know any spells.

Dungeon Overview and Level Annotations

Branches:
Dungeon (4/15)
 Temple: D:4-7

Altars:


Innate Abilities, Weirdness & Mutations

You are surrounded by a mild repulsion field (EV +2).


Message History

The jackal bites you but does no damage.
Unknown command.
Unknown command.
You closely miss the adder.
* * * LOW HITPOINT WARNING * * *
You feel sick. The adder closely misses you. You block the jackal's attack.
You closely miss the adder. You block the jackal's attack.
The adder closely misses you.
The jackal bites you but does no damage.
The adder bites you but does no damage.
The giant cockroach waves its antennae.
You hit the adder but do no damage. The jackal barely misses you.
The adder bites you but does no damage. The jackal closely misses you.
The adder bites you but does no damage.
Unknown command.
Unknown command.
You closely miss the adder.
* * * LOW HITPOINT WARNING * * *
You feel sick. The jackal barely misses you. The adder bites you.
You die...

..###.# #.
...#.# #..
...<.
....###)#.# ##
........#.# <.
.).....<#.# .#
....?..)..# ..
.........h###.#
.........sh@S.#
...###.#.####.#
... ...... # ..
###.#.. ...#...
.## ###?


You could see an adder, 2 jackals and a giant cockroach.

Vanquished Creatures
  An adder (D:3)
  2 oozes
  A worm (D:2)
  2 dart slugs
  A giant gecko (D:3)
  An orc (D:4)
  2 ball pythons
  4 bats
  3 giant cockroaches
  6 goblins
  6 hobgoblins
  A giant newt (D:1)
  7 kobolds
  4 rats
41 creatures vanquished.

Vanquished Creatures (others)
  An adder (D:3)
  A rat (D:3)
2 creatures vanquished.

Grand Total: 43 creatures vanquished

Notes
Turn   | Place    | Note
--------------------------------------------------------------
     0 | D:1      | vatarom the Demonspawn Fighter began the quest for the Orb.
     0 | D:1      | Reached XP level 1. HP: 18/18 MP: 1/1
   122 | D:1      | Gained mutation: You are surrounded by a mild repulsion field (EV +2). [demonic ancestry]
   122 | D:1      | Reached XP level 2. HP: 22/24 MP: 2/2
   526 | D:2      | Reached XP level 3. HP: 29/29 MP: 3/3
   629 | D:2      | Found a faded altar to an unknown god.
  1150 | D:4      | Reached XP level 4. HP: 9/35 MP: 4/4
  1165 | D:4      | HP: 1/35 [poisoned by an adder]
  1168 | D:4      | Slain by an adder

Vault maps used:
D:1:      dpeg_arrival_long_road
D:2:      first_bread, ecumenical_altar_2
D:3:      nicolae_overflow_crystal_walls, saegor_snake_ambush
D:4:      minmay_temple_entry_trees

Skill      XL: |  1  2 |
---------------+-------+-----
Maces & Flails | 2 3 |  3.9
Fighting       | |  3.0
Armour         | |  2.6
Shields        | |  2.6

Action                   |  1- 3 |  4- 6 || total
-------------------------+-------+-------++-------
Melee: Flail             |   136 |    12 ||   148
  Use: Scroll            |     4 |       ||     4
       Potion            |     5 |       ||     5
 Stab: Invisible         |     1 |     1 ||     2
  Eat: Chunk             |     1 |       ||     1
Armor: Scale mail        |    30 |       ||    30
       Ring mail         |    31 |    11 ||    42
Dodge: Dodged            |    59 |    18 ||    77
Block: Shield            |    78 |    10 ||    88
